 Dungeon Crawl Stone Soup version 0.22-a0-348-gd16d1391c7 (webtiles) character file.

62 Manul the Skirmisher (level 4, -4/40 HPs)
             Began as a Ghoul Fighter on Apr 8, 2018.
             Splashed by Ijyb's acid (15 damage)
             ... on level 3 of the Dungeon.
             The game lasted 00:01:17 (1228 turns).

Manul the Skirmisher (Ghoul Fighter)                Turns: 1228, Time: 00:01:18

Health: -4/40      AC:  3    Str: 20    XL:     4   Next: 8%
Magic:  3/3        EV:  7    Int:  3    God:
Gold:   110        SH:  8    Dex:  8    Spells: 3/3 levels left

rFire    . . .     SeeInvis .     - Unarmed
rCold    + . .     Gourm    .   b - +0 shield
rNeg     + + +     Faith    .   a - +0 scale mail
rPois    ∞         Spirit   .   (no helmet)
rElec    .         Reflect  .   h - +0 cloak
rCorr    .         Harm     .   (no gloves)
MR       .....                  (no boots)
Stlth    ..........             (no amulet)
HPRegen  0.00/turn              (no ring)
MPRegen  0.08/turn              (no ring)

@: corroded, rotting
A: rotting body, claws 1, carnivore, cold resistance 1, negative energy
resistance 3, inhibited regeneration, torment resistance, unbreathing
a: no special abilities


You were on level 3 of the Dungeon.
You were not hungry.

You visited 1 branch of the dungeon, and saw 3 of its levels.

You collected 110 gold pieces.

Inventory:

Armour
 a - a +0 scale mail (worn)
 b - a +0 shield (worn)
 h - a +0 cloak (worn)
Scrolls
 e - a scroll of blinking {unknown}
 g - 5 scrolls of identify {unknown}
 j - 2 scrolls of magic mapping {unknown}
Potions
 c - a potion of might
 i - 2 potions of degeneration {unknown}
 k - a potion of haste {unknown}
 l - a potion of flight {unknown}
Comestibles
 d - 3 rations
 f - 6 chunks of flesh


   Skills:
 + Level 3.6 Fighting
 + Level 3.0 Armour
 + Level 0.5 Dodging
 + Level 3.1 Shields
 + Level 3.3 Unarmed Combat


You had 3 spell levels left.
You didn't know any spells.

Dungeon Overview and Level Annotations

Branches:
Dungeon (3/15)

Altars:
Dithmenos

Annotations:
D:3 Ijyb


Innate Abilities, Weirdness & Mutations

Your body is rotting away.
You thrive on raw meat.
You are immune to poison.
You have sharp fingernails.
You are carnivorous and can eat meat at any time.
Your flesh is cold resistant. (rC+)
You are immune to negative energy. (rN+++)
You do not regenerate when monsters are visible.
You are immune to unholy pain and torment.
You can survive without breathing.


Message History

An orc comes into view.
You barely miss Ijyb. Ijyb hits you but does no damage.
You block the frilled lizard's attack.
You scratch Ijyb.
Ijyb is lightly wounded.
Ijyb hits you but does no damage.
The frilled lizard bites you but does no damage.
Your shield prevents you from hitting Ijyb.
Ijyb is lightly wounded.
Ijyb hits you but does no damage.
The frilled lizard bites you but does no damage.
You scratch Ijyb but do no damage.
Ijyb is lightly wounded.
You block Ijyb's attack. You block the frilled lizard's attack.
You completely miss Ijyb.
Ijyb is lightly wounded.
Ijyb zaps a wand.
The bolt of acid hits you!
* * * LOW HITPOINT WARNING * * *
The acid corrodes you!
You are splashed with acid!
The acid burns!
You die...

#.# ##.##
#.... #... #
#....#
##..#.## .
#..†...# ...
#...##/#.....
##....@go.#
+...<##l......
##.### ..#....
#. ..o.... ##
.#... . ....##
## .. ..#


You could see Ijyb, 2 orcs and a frilled lizard.

Vanquished Creatures
  2 oozes
  3 worms (D:2)
  A dart slug (D:1)
  A ball python (D:2)
  9 bats (D:1)
  4 giant cockroaches
  3 goblins
  3 hobgoblins (D:1)
  3 jackals (D:3)
  A quokka (D:2)
  A frilled lizard (D:2)
  6 kobolds
  4 rats
41 creatures vanquished.

Notes
Turn   | Place    | Note
-------+----------+-------------------------------------------
     0 | D:1      | Manul the Ghoul Fighter began the quest for the Orb.
     0 | D:1      | Reached XP level 1. HP: 19/19 MP: 0/0
   183 | D:1      | Reached XP level 2. HP: 24/26 MP: 1/1
   380 | D:1      | Reached XP level 3. HP: 19/30 MP: 2/2
   816 | D:2      | Found a shadowy altar of Dithmenos.
  1163 | D:2      | Reached XP level 4. HP: 25/39 MP: 3/3
  1219 | D:3      | Noticed Ijyb
  1228 | D:3      | Splashed by Ijyb's acid

Vault maps used:
D:1:      shiori_shiawase
D:2:      nicolae_dithmenos_through_a_glass_darkly
D:3:      dancing_weapons_uskayaw, uniq_crazy_yiuf_cottage, uniq_grinder,
          uniq_ijyb

Skill      XL: |  1  2  3 |
---------------+----------+-----
Shields        | 3 |  3.1
Armour         | 3 |  3.0
Unarmed Combat | 3 |  3.3
Fighting       | |  3.6
Dodging        | |  0.5

Action                   |  1- 3 |  4- 6 || total
-------------------------+-------+-------++-------
Melee: Unarmed           |   162 |    12 ||   174
  Eat: Chunk             |     2 |       ||     2
Armor: Scale mail        |    70 |     7 ||    77
Dodge: Dodged            |    47 |     5 ||    52
Block: Shield            |    78 |     5 ||    83

Table legend:
 A = Spawn XP
 B = Non-spawn XP
 C = Spawn XP percentage of total XP
 D = Spawn monster count
 E = Non-spawn monster count
 F = Spawn count percentage of total count
 G = Total turns spent on level
                    A         B        C        D         E        F      G
               +---------+---------+-------+---------+---------+-------+---------
         Total |       0 |      89 |   0.0 |       0 |      41 |   0.0 |  1228
               +---------+---------+-------+---------+---------+-------+---------
           D:1 |       0 |      43 |   0.0 |       0 |      22 |   0.0 |   674
           D:2 |       0 |      40 |   0.0 |       0 |      16 |   0.0 |   538
           D:3 |       0 |       6 |   0.0 |       0 |       3 |   0.0 |    16
               +---------+---------+-------+---------+---------+-------+---------
